Map: Bel'Shir-Ruinen LE (Void)

Players

teamST - Winner!

  • Race: Zerg Zerg
  • League: Master
  • Spawn Location: 11:00

K.I.-1 (Mittel)

  • Race: Terran Terran
  • Spawn Location: 5:00

VOD

Have the link to the VOD?

Description

Time

  • Played on: March 28, 2017, 6:16 p.m.
  • Length: 8:12
Show
View Real Time Build Order
Export as new Build Order

teamST Zerg - Winner!

Build Orders: Hatch First 

Get SALT Encoding   

  12  0:01  Drone  
  13  0:12  Overlord  
  13  0:17  Drone  
  14  0:34  Drone x2  
  16  0:35  Drone  
  17  0:54  Hatchery  
  17  0:56  Drone  
  17  0:57  Drone  
  18  1:11  Extractor  
  18  1:13  Spawning Pool  
  18  1:15  Drone  
  17  1:19  Drone  
  18  1:28  Drone  
  19  1:39  Drone  
  20  1:49  Overlord  
  20  2:00  Queen  
  22  2:06  Queen  
  22  2:07  Zergling x4  
  26  2:11  Metabolic Boost  
  26  2:12  Drone  
  27  2:17  Drone  
  28  2:33  Overlord  
  28  2:34  Drone x2  
  30  2:40  Extractor  
  30  2:43  Queen  
  31  2:48  Overlord  
  31  2:49  Drone  
  31  2:51  Drone  
  33  3:08  Drone  
  33  3:09  Drone x5  
  39  3:16  Evolution Chamber  
  39  3:19  Evolution Chamber  
  37  3:25  Spore Crawler  
  37  3:27  Spore Crawler  
  35  3:29  Lair  
  35  3:32  Drone x2  
  37  3:42  Zerg Missile Weapons Level 1  
  37  3:44  Zerg Ground Armor Level 1  
  37  3:51  Roach Warren  
  36  3:56  Drone x2  
  36  3:57  Drone  
  39  4:15  Drone x8  
  47  4:18  Extractor  
  47  4:21  Extractor  
  45  4:31  Drone x3  
  48  4:33  Overlord  
  51  4:38  Drone x3  
  51  4:39  Glial Reconstitution  
  51  4:51  Drone  
  52  4:53  Drone  
  52  4:57  Overlord x2  
  53  5:00  Roach  
  53  5:01  Roach x2  
  59  5:09  Overlord x3  
  59  5:10  Overlord  
  59  5:20  Hatchery  
  58  5:26  Roach  
  58  5:27  Roach x2  
  64  5:40  Roach x2  
  64  5:41  Roach x4  
  75  5:51  Zerg Missile Weapons Level 2  
  75  5:52  Zerg Ground Armor Level 2  
  75  6:04  Roach  
  75  6:05  Roach x4  
  83  6:16  Overlord x2  
  87  6:18  Roach x3  
  89  6:28  Roach x2  
  89  6:29  Roach x2  
  95  6:40  Ravager  
  95  6:41  Ravager x5  
  95  6:43  Roach  
  103  6:51  Roach x4  
  108  7:07  Roach  
  108  7:08  Roach x6  
  119  7:18  Roach  
  119  7:20  Overlord x2  
  121  7:36  Overlord x2  
  121  7:41  Roach  
  121  7:42  Roach x7  
  137  7:53  Overlord x2  
Show
View Real Time Build Order
Export as new Build Order

K.I.-1 (Mittel) Terran 

Build Orders:  

Get SALT Encoding   

  12  0:00  SCV  
  13  0:13  SCV  
  14  0:19  Supply Depot  
  14  0:25  SCV  
  15  0:40  SCV  
  16  0:43  Barracks  
  16  0:52  SCV  
  17  1:05  SCV  
  18  1:18  Command Center  
  18  1:31  Orbital Command, Marine  
  19  1:36  Supply Depot  
  19  1:44  Refinery  
  19  1:49  Marine  
  20  1:56  SCV  
  20  2:00  Barracks  
  21  2:06  Refinery  
  21  2:09  SCV  
  22  2:18  Marine  
  22  2:22  SCV  
  24  2:30  Supply Depot  
  24  2:34  SCV  
  25  2:38  Barracks Tech Lab  
  25  2:47  SCV  
  26  2:54  SCV  
  26  2:57  Marauder  
  29  2:58  Barracks Tech Lab  
  29  3:06  Refinery  
  29  3:13  Refinery  
  29  3:18  Marauder  
  29  3:19  Factory  
  33  3:27  Marauder  
  33  3:29  SCV  
  34  3:36  SCV  
  34  3:38  Factory  
  34  3:41  SCV, Reaper  
  37  3:48  SCV  
  38  3:55  Marine  
  39  3:58  SCV  
  39  4:01  SCV  
  41  4:04  Factory Tech Lab  
  41  4:08  Starport  
  41  4:10  SCV  
  41  4:13  Marine  
  43  4:17  SCV  
  43  4:21  Factory Tech Lab  
  43  4:24  Supply Depot, Reaper  
  45  4:26  SCV  
  45  4:29  SCV  
  47  4:38  Marine, SCV  
  49  4:44  Medivac  
  51  4:46  SCV  
  51  4:50  Supply Depot, SCV  
  53  4:56  Marine  
  53  4:58  SCV  
  55  5:02  SCV  
  56  5:07  Marine  
  56  5:12  SCV  
  58  5:17  SCV  
  58  5:18  Supply Depot  
  59  5:21  Marine  
  59  5:22  Medivac  
  59  5:24  SCV  
  63  5:33  SCV  
  63  5:35  Marine  
  63  5:39  Engineering Bay  
  63  5:40  SCV  
  65  5:44  Supply Depot  
  65  5:45  SCV  
  66  5:50  Marauder  
  66  5:52  SCV  
  66  5:53  Starport Tech Lab  
  69  5:58  SCV  
  70  6:04  Reaper  
  70  6:06  SCV  
  70  6:07  Missile Turret  
  70  6:08  Supply Depot  
  70  6:10  Missile Turret, SCV  
  73  6:12  Missile Turret  
  73  6:13  Raven, Missile Turret  
  73  6:18  Sensor Tower, SCV  
  74  6:19  Reaper  
  74  6:22  SCV  
  75  6:26  Armory  
  75  6:30  SCV  
  75  6:31  Bunker  
  76  6:34  SCV  
  76  6:36  Ghost Academy, Reaper  
  78  6:42  SCV  
  78  6:43  Barracks  
  78  6:45  Supply Depot  
  79  6:51  Reaper  
  79  6:54  SCV  
  79  6:56  Raven  
  79  7:02  SCV  
  61  7:08  Marine  
  55  7:17  Hellion  
  46  7:25  Hellion  
  45  7:31  Barracks Reactor  
  39  7:39  Viking  
  39  7:48  Hellion  
  28  7:54  SCV  
Tags
 
Add a new tag
Caveats
  • Supply blocks, unpowered buildings, or Contaminate may cause inaccurate times.
  • Supply counts are checked every 10 seconds.